 Dungeon Crawl Stone Soup version 0.18.1-50-g88ac8fd (webtiles) character file.

123 Franakus the Conjurer (level 4, 0/24 HPs)
             Began as a Deep Elf Conjurer on Oct 27, 2016.
             Succumbed to kobold's curare-tipped needle
             ... on level 3 of the Dungeon.
             The game lasted 00:12:22 (1021 turns).

Franakus the Conjurer (Deep Elf Conjurer)           Turns: 1021, Time: 00:12:23

Health: 0/24       AC:  2    Str:  5    XL:     4   Next: 80%
Magic:  5/12       EV: 13    Int: 21    God:
Gold:   100        SH:  0    Dex: 15    Spells: 3 memorised, 4 levels left

rFire  . . .     SeeInvis +     p - +0 dagger
rCold  . . .     Gourm    .     a - +0 robe
rNeg   . . .     Faith    .     (no shield)
rPois  .         Spirit   .     (no helmet)
rElec  .         Dismiss  .     (no cloak)
rCorr  .         Reflect  .     (no gloves)
SustAt .         Harm     .     (no boots)
MR     .....                    (no amulet)
Stlth  ++........               (no ring)
                                e - ring of see invisible

@: lethally poisoned (0 -> -6), very slightly contaminated, slowed, invisible,
very slow, not resistant to hostile enchantments, unstealthy
A: no striking features
a: no special abilities


You were on level 3 of the Dungeon.
You were not hungry.

You visited 1 branch of the dungeon, and saw 3 of its levels.

You collected 100 gold pieces.

Inventory:

Hand Weapons
 p - a +0 dagger (weapon)
Armour
 a - a +0 robe (worn)
 l - a +1 robe of positive energy
Jewellery
 e - a ring of see invisible (left hand)
Scrolls
 d - 3 scrolls of identify {unknown}
 g - 2 scrolls of remove curse {unknown}
 h - a scroll of teleportation {unknown}
 j - a scroll of blinking {unknown}
 o - 2 scrolls of magic mapping {unknown}
Potions
 f - a potion of invisibility
 i - a potion of curing {unknown}
 k - a potion of flight {unknown}
 m - a potion of heal wounds {unknown}
 n - a potion of brilliance {unknown}
 q - a potion of might {unknown}
 t - a potion of cancellation {unknown}
 u - a potion of mutation {unknown}
 v - 2 potions of cure mutation {unknown}
Books
 b - a book of Conjurations

   Spells                             Type                      Level
   a - Magic Dart                     Conjuration                  1
   b - Searing Ray                    Conjuration                  2
   c - Dazzling Spray                 Conjuration/Hexes            3
   d - Fulminant Prism                Conjuration/Hexes            4
   e - Iskenderun's Mystic Blast      Conjuration                  4
   f - Iskenderun's Battlesphere      Conjuration/Charms           5
Comestibles
 c - 2 bread rations
 r - 2 meat rations
 s - a slice of pizza
 w - a chunk of flesh


   Skills:
 + Level 0.1 Fighting
 + Level 2.9 Dodging
 + Level 2.8 Stealth
 + Level 4.2 Spellcasting
 + Level 5.9 Conjurations


You had 4 spell levels left.
You knew the following spells:

 Your Spells              Type           Power        Failure   Level  Hunger
a - Magic Dart            Conj           ####         1%          1    None
b - Searing Ray           Conj           ####..       1%          2    #......
c - Iskenderun's Mystic   Conj           ####....     14%         4    ####...


Dungeon Overview and Level Annotations

Branches:
Dungeon (3/15)

Altars:
Fedhas
Okawaru

Annotations:
D:3 Franakus's ghost, weakling DECj


Message History

The curare-tipped needle hits you.
You are poisoned.
You have difficulty breathing.
* * * LOW HITPOINT WARNING * * *
You feel yourself slow down.
* * * LOW HITPOINT WARNING * * *
You feel sick.
It was a potion of invisibility.
You fade into invisibility!
* * * LOW HITPOINT WARNING * * *
You feel sick.
You are very lightly contaminated with residual magic.
Casting: Magic Dart
Confirm with . or Enter, or press ? or * to list all spells.
Aiming: Magic Dart
Press: ? - help, Shift-Dir - straight line, f/p - kobold
Aim: a kobold, wielding a blowgun The magic dart hits the kobold.
You kill the kobold!
You die...

#.... ........ #....
.........
##...###.......# #
#...........#..# #.
#..#.).).#..#..# ##.#
#.##.._..##.#...
#.#...###..#.).).#......
#....)(.#...............
###...#@#....###....)...
##.##.#.....#.........
#K #......(.....(.... #
###.##.....<.....†
#.##............
##.##............
.................
#####.......##...
#.<..........


There were no monsters in sight!

Vanquished Creatures
  Natasha (twice) (D:3)
  3 adders (D:2)
  2 oozes
  2 dart slugs (D:1)
  3 giant geckos
  2 ball pythons
  A giant cockroach (D:2)
  3 goblins
  A hobgoblin (D:2)
  7 kobolds
  A quokka (D:2)
  4 bats
  2 giant newts (D:1)
  4 rats
37 creatures vanquished.

Notes
Turn   | Place    | Note
--------------------------------------------------------------
     0 | D:1      | Franakus the Deep Elf Conjurer began the quest for the Orb.
     0 | D:1      | Reached XP level 1. HP: 10/10 MP: 6/6
   186 | D:1      | Reached XP level 2. HP: 15/15 MP: 4/8
   188 | D:1      | Reached skill level 5 in Conjurations
   268 | D:2      | Learned a level 2 spell: Searing Ray
   440 | D:3      | Reached XP level 3. HP: 19/19 MP: 5/9
   466 | D:3      | Noticed Franakus's ghost (weakling DECj)
   468 | D:3      | Found a blossoming altar of Fedhas.
   557 | D:3      | Noticed Natasha
   667 | D:3      | Found an iron altar of Okawaru.
   866 | D:2      | Reached XP level 4. HP: 7/24 MP: 4/11
   873 | D:2      | Learned a level 4 spell: Iskenderun's Mystic Blast
   954 | D:3      | Killed Natasha
   988 | D:3      | Noticed Natasha
   993 | D:3      | Killed Natasha
  1020 | D:3      | HP: 1/24 [poisoned by kobold (curare-tipped needle)]
  1021 | D:3      | Succumbed to kobold's curare-tipped needle

Skill      XL: |  1  2  3  4 |
---------------+-------------+-----
Conjurations   | 5 |  5.9
Spellcasting   | 4 |  4.2
Fighting       | |  0.1
Dodging        | |  2.9
Stealth        | |  2.8

Action                   |  1- 3 |  4- 6 || total
-------------------------+-------+-------++-------
Melee: Dagger            |    14 |       ||    14
 Cast: Magic Dart        |    31 |     8 ||    39
       Searing Ray       |    11 |     4 ||    15
  Use: Potion            |       |     1 ||     1
  Eat: Chunk             |       |     1 ||     1
Armor: Robe              |    15 |       ||    15
Dodge: Dodged            |    28 |     1 ||    29
